 Dungeon Crawl Stone Soup version 0.31-a0-176-g91f28db67f (webtiles) character file.

Game seed: 7085085797606991154

174 qw the Chopper (level 5, 0/32 HPs)
             Began as a Gargoyle Fighter on June 17, 2023.
             Was an Initiate of Okawaru.
             Killed from afar by a steam dragon (22 damage)
             ... with a ball of steam
             ... on level 4 of the Dungeon.
             The game lasted 00:01:16 (2264 turns).

qw the Chopper (Gargoyle Fighter)                   Turns: 2264, Time: 00:01:17

Health: 0/32       AC: 12    Str: 28    XL:     5   Next: 54%
Magic:  5/5        EV: 10    Int:  8    God:    Okawaru [......]
Gold:   160        SH:  4    Dex:  9    Spells: 4/4 levels left

rFire   . . .        Y - +1 war axe (freeze)
rCold   . . .        c - +0 buckler
rNeg    + . .        f - +3 ring mail
rPois   inf          (no helmet)
rElec   +            (no cloak)
rCorr   .            (no gloves)
SInv    .            (no boots)
Will    .....        (no amulet) Stlth
                     g - +6 ring of strength
HPRegen 0.25/turn    (no ring)
MPRegen 0.09/turn

%: no passive effects
@: no status effects
A: sickness immunity, AC +4, negative energy resistance 1, electricity
resistance, torment resistance 1, petrification resistance
a: Renounce Religion


You were on level 4 of the Dungeon.
You worshipped Okawaru.
Okawaru was noncommittal.
You visited 1 branch of the dungeon, and saw 4 of its levels.

You collected 160 gold pieces.


Innate Abilities, Weirdness & Mutations

You are immune to sickness and miasma.
Your stone body is resilient. (AC +4)
You are immune to poison.
You resist negative energy. (rN+)
You are resistant to electric shocks. (rElec)
You are resistant to unholy torment.
You are immune to petrification.


   Skills:
 - Level 3.2 Fighting
 - Level 5.0 Axes
 - Level 3.2 Armour
 + Level 0.1 Dodging
 - Level 3.2 Shields


You had 4 spell levels left.
You didn't know any spells.
Your spell library was empty.

Inventory:

Hand Weapons
 e - a +0 club
 Y - a +1 war axe of freezing (weapon)
Armour
 c - a +0 buckler (worn)
 f - a +3 ring mail (worn)
 m - the +1 ring mail "Nilyjoob" {Harm rCorr Str-3 Dex-3}
   (You found it on level 3 of the Dungeon)

   Str:       It affects your strength (-3).
   Dex:       It affects your dexterity (-3).
   rCorr:     It protects you from acid and corrosion.
   Harm:      It increases damage dealt and taken.
Jewellery
 g - a +6 ring of strength (left hand)
Scrolls
 b - a scroll of identify
Potions
 a - a potion of mutation {unknown}
 d - a potion of might
 h - a potion of enlightenment
 i - 3 potions of curing
 j - a potion of heal wounds
 k - a potion of haste {unknown}

Dungeon Overview and Level Annotations

Branches:
Dungeon (4/15)             Temple (0/1) D:4

Altars:
Dithmenos
Okawaru
Ru
Uskayaw
Yredelemnul


Message History

A hobgoblin comes into view.
You barely miss the hobgoblin. You slash the hobgoblin!
You freeze the hobgoblin.
You kill the hobgoblin!
Okawaru accepts your kill. You block the hobgoblin's attack.
You hit the hobgoblin. You freeze the hobgoblin.
The hobgoblin is moderately wounded.
The hobgoblin hits you but does no damage. x2
You hit the hobgoblin but do no damage.
The hobgoblin is moderately wounded.
You barely miss the hobgoblin.
A giant cockroach comes into view.
The hobgoblin hits you but does no damage.
You block the hobgoblin's attack.
You closely miss the hobgoblin.
The hobgoblin is moderately wounded.
You closely miss the hobgoblin.
The hobgoblin hits you but does no damage.
The hobgoblin hits you.
You barely miss the hobgoblin.
The hobgoblin is moderately wounded.
You slash the hobgoblin! You freeze the hobgoblin.
You kill the hobgoblin!
Okawaru accepts your kill.
A jackal comes into view.
The hobgoblin hits you.
The jackal barks!
You slash the hobgoblin! You freeze the hobgoblin.
You kill the hobgoblin!
Okawaru accepts your kill.
A steam dragon comes into view.
The steam dragon hisses angrily.
You slash the giant cockroach! You freeze the giant cockroach.
You kill the giant cockroach!
Okawaru accepts your kill. The steam dragon breathes steam at you.
The ball of steam hits you!!
Ouch! That really hurt!
You die...

: . #### #. #..## #.# ##...###
#.. #......## #..###.......#
#..%........# #.¤@........#
.#¤¤...##.###.# ##
....#..#..###...# .#
#D..h..#..###...### .######
##................## ..+...##
#^..##.............#
..###..#####................#
...#.#'#...#+###...........##
.#####.......#####.<........##


You could see a jackal.

Vanquished Creatures
  A hound (D:3)
  An iguana (D:4)
  4 adders
  2 dart slugs
  An orc (D:4)
  3 endoplasms
  7 giant cockroaches
  7 goblins
  11 hobgoblins
  4 jackals (D:2)
  7 kobolds
  3 quokkas
  6 ball pythons
  7 bats
  A frilled lizard (D:3)
  9 rats
74 creatures vanquished.

Notes
Turn   | Place    | Note
-------+----------+-------------------------------------------
     0 | D:1      | qw the Gargoyle Fighter began the quest for the Orb.
     0 | D:1      | Reached XP level 1. HP: 14/14 MP: 1/1
     0 | D:1      | 0 ||| qw: Version: 0.3-a-5-g6f28e65
     0 | D:1      | 0 ||| qw: Game counter: 457
     0 | D:1      | 0 ||| qw: Always use a shield: true
     0 | D:1      | 0 ||| qw: God list: Okawaru
     0 | D:1      | 0 ||| qw: Allow faded altars: false
     0 | D:1      | 0 ||| qw: Do Orc after D:15 true
     0 | D:1      | 0 ||| qw: Do second Lair branch before Depths: true
     0 | D:1      | 0 ||| qw: Lair rune preference: random
     0 | D:1      | 0 ||| qw: Plans: Normal, Zot:1-4, Slime:5, God:TSO, Crypt,
                  | Tomb, Abyss, Pan, Hells, Win
     0 | D:1      | 0 ||| PLANNING D:1-11
     2 | D:1      | Noticed a merfolk
     4 | D:1      | Noticed a vine stalker
     4 | D:1      | Noticed a formicid
     6 | D:1      | Noticed an elf
     6 | D:1      | Noticed a vampire
     8 | D:1      | Noticed a draconian
     8 | D:1      | Noticed a naga
    10 | D:1      | Noticed a human
    10 | D:1      | Noticed an octopode
    12 | D:1      | Noticed a demigod
    12 | D:1      | Noticed a troll
    14 | D:1      | Noticed a felid
    16 | D:1      | Noticed a ghoul
    16 | D:1      | Noticed an ogre
    18 | D:1      | Noticed a tengu
    18 | D:1      | Noticed an armataur
    20 | D:1      | Noticed a spriggan
    22 | D:1      | Noticed a gargoyle
    22 | D:1      | Noticed a minotaur
    24 | D:1      | Noticed a meteoran
    24 | D:1      | Noticed an elf
    26 | D:1      | Noticed a troll
    36 | D:1      | Reached skill level 2 in Axes
    49 | D:1      | Reached XP level 2. HP: 19/19 MP: 2/2
    61 | D:1      | 61 ||| Stepping ~*~*~tactically~*~*~ (stealth).
    75 | D:1      | 75 ||| Stepping ~*~*~tactically~*~*~ (hiding).
   320 | D:1      | Reached skill level 3 in Axes
   353 | D:1      | Reached XP level 3. HP: 23/23 MP: 3/3
   620 | D:1      | 620 ||| UPGRADING to +3 ring mail.
   630 | D:1      | 630 ||| DROPPING +0 scale mail.
   631 | D:1      | 631 ||| READING scroll labelled PICYTH EW GIMU.
   729 | D:2      | 729 ||| Stepping ~*~*~tactically~*~*~ (stealth).
   760 | D:2      | Reached XP level 4. HP: 17/28 MP: 4/4
   893 | D:2      | Reached skill level 4 in Axes
  1146 | D:2      | 1146 ||| DROPPING ring of magical power.
  1147 | D:2      | 1147 ||| READING scroll labelled YNIARE UTED.
  1148 | D:2      | 1148 ||| READING 2 scrolls labelled SEPRAIQIEW.
  1149 | D:2      | 1149 ||| READING scroll labelled DECZYP BUHUEWK.
  1150 | D:2      | 1150 ||| READING scroll labelled SEBRUGROHU.
  1243 | D:3      | 1243 ||| Stepping ~*~*~tactically~*~*~ (stealth).
  1255 | D:3      | 1255 ||| Stepping ~*~*~tactically~*~*~ (hiding).
  1279 | D:3      | Found a sacrificial altar of Ru.
  1359 | D:3      | Reached XP level 5. HP: 31/32 MP: 5/5
  1362 | D:3      | Found a hide-covered altar of Uskayaw.
  1432 | D:3      | Identified the +1 ring mail "Nilyjoob" {Harm rCorr Str-3
                  | Dex-3}
  1603 | D:3      | Found a shadowy altar of Dithmenos.
  1679 | D:3      | 1679 ||| READING scroll labelled HYN LAJEORIPN.
  1680 | D:3      | 1680 ||| READING scroll labelled OTOGRAMILE.
  1704 | D:3      | 1704 ||| READING scroll labelled EGOX GOESHO.
  1705 | D:3      | 1705 ||| DRINKING 4 silvery potions.
  1706 | D:3      | 1706 ||| READING 2 scrolls of identify.
  1706 | D:3      | 1706 ||| IDENTIFYING fizzy purple potion
  1852 | D:4      | Found a staircase to the Ecumenical Temple.
  1853 | D:4      | 1853 ||| PLANNING TEMPLE
  1987 | D:4      | Found an iron altar of Okawaru.
  1988 | D:4      | 1988 ||| PLANNING OKAWARU WORSHIP
  1988 | D:4      | 1988 ||| UPGRADING to +6 ring of strength.
  1989 | D:4      | 1989 ||| DRINKING 2 fizzy grey potions.
  2004 | D:4      | Became a worshipper of Warmaster Okawaru
  2005 | D:4      | 2005 ||| PLANNING D:1-11
  2016 | D:4      | 2016 ||| Stepping ~*~*~tactically~*~*~ (hiding).
  2132 | D:4      | Found a basalt altar of Yredelemnul.
  2193 | D:4      | 2193 ||| Stepping ~*~*~tactically~*~*~ (stealth).
  2195 | D:4      | 2195 ||| Stepping ~*~*~tactically~*~*~ (hiding).
  2196 | D:4      | 2196 ||| Stepping ~*~*~tactically~*~*~ (hiding).
  2234 | D:4      | 2234 ||| Stepping ~*~*~tactically~*~*~ (stealth).
  2242 | D:4      | Reached skill level 5 in Axes
  2253 | D:4      | 2253 ||| FLEEEEING.
  2263 | D:4      | Noticed a steam dragon
  2264 | D:4      | Killed from afar by a steam dragon

Levels and vault maps discovered:
D:1:      kb_arrival_jail, layout_rooms, minivault_14, minmay_gold_behind_fungi,
          patterned_corridor
D:2:      layout_basic
D:3:      layout_basic, mainiacjoe_overflow_surrounded_room,
          mainiacjoe_overflow_catwalk_spiral, eino_tiny_chamber,
          minmay_close_crescents
D:4:      nicolae_cairo_tiling_very_big, layout_cave_pools,
          mainiacjoe_overflow_cross_hatched, okawaru_trees_1,
          minmay_temple_entry_from_below_a, minmay_manual_mess

Skill      XL: |  1  2  3  4  5 |
---------------+----------------+-----
Axes           | 2 3 4 5 |  5.0
Fighting       | |  3.2
Armour         | |  3.2
Dodging        | |  0.1
Shields        | |  3.2

Action                     |  1- 3 |  4- 6 || total
---------------------------+-------+-------++-------
  Melee: War axe           |   100 |    82 ||   182
    Use: Scroll            |     1 |     8 ||     9
         Potion            |       |     2 ||     2
 Armour: Scale mail        |    30 |       ||    30
         Ring mail         |    45 |    33 ||    78
  Dodge: Dodged            |    47 |    26 ||    73
  Block: Buckler           |    26 |    11 ||    37

Table legend:
 A = Non-vault XP
 B = Vault XP
 C = Vault XP percentage of total XP
 D = Non-vault monster count
 E = Vault monster count
 F = Vault count percentage of total count
                 A         B        C        D         E       F
            +---------+---------+-------+---------+---------+-------
      Total |     202 |      49 |  19.5 |      67 |       7 |   9.5
            +---------+---------+-------+---------+---------+-------
        D:1 |      40 |       0 |   0.0 |      22 |       0 |   0.0
        D:2 |      71 |       0 |   0.0 |      24 |       0 |   0.0
        D:3 |      55 |       4 |   6.8 |      10 |       2 |  16.7
        D:4 |      36 |      45 |  55.6 |      11 |       5 |  31.2
            +---------+---------+-------+---------+---------+-------
